 Dungeon Crawl Stone Soup version 0.29-a0-1052-g6990b1bffc (webtiles) character file.

Game seed: 6243037290626784108

7 ragingrage the Sneak (level 1, -9/19 HPs)
             Began as a Minotaur Delver on Aug 17, 2022.
             Mangled by an iguana (13 damage)
             ... on level 4 of the Dungeon.
             The game lasted 00:00:08 (73 turns).

ragingrage the Sneak (Minotaur Delver)                Turns: 73, Time: 00:00:09

Health: -9/19      AC:  3    Str: 16    XL:     1   Next: 91%
Magic:  0/0        EV: 11    Int:  7    God:
Gold:   9          SH:  0    Dex: 11    Spells: 0/0 levels left

rFire   . . .      SeeInvis .   a - +0 hand axe
rCold   . . .      Faith    .   (no shield)
rNeg    . . .      Spirit   .   b - +0 leather armour
rPois   .          Reflect  .   (helmet restricted)
rElec   .          Harm     .   (no cloak)
rCorr   .          Rampage  .   (no gloves)
Will    .....                   (no boots)
Stlth   ++........              (no amulet)
HPRegen 0.06/turn               (no ring)
MPRegen 0.07/turn               (no ring)

@: no status effects
A: horns 2, retaliatory headbutt
a: no special abilities


You were on level 4 of the Dungeon.
You visited 1 branch of the dungeon, and saw 3 of its levels.

You collected 9 gold pieces.

Inventory:

Hand Weapons
 a - a +0 hand axe (weapon)
Armour
 b - a +0 leather armour (worn)
Wands
 g - a wand of digging (3)
Scrolls
 c - a scroll of fog
 d - a scroll of magic mapping
 e - a scroll of fear
Potions
 f - a potion of haste


   Skills:
 - Level 3.6 Fighting
 + Level 3.3 Axes
 - Level 2.1 Dodging
 - Level 4.1 Stealth


You couldn't memorise any spells.
You didn't know any spells.
Your spell library was empty.

Dungeon Overview and Level Annotations

Branches:
Dungeon (6/15)
 Temple: D:4-7

Altars:

Annotations:
D:5 exclusion: downstairs


Innate Abilities, Weirdness & Mutations

You have a pair of horns on your head.
You reflexively headbutt those who attack you in melee.


Message History

Ouch! That really hurt!
You climb upwards.
There is a stone staircase leading down here.
Unknown command.
A shadow imp comes into view.
The shadow imp shouts!
You hear an angry hiss.
A shadow imp is nearby!
Found a stone staircase leading down.
You barely miss the shadow imp. The shadow imp barely misses you.
You closely miss the shadow imp. You headbutt the shadow imp!
The shadow imp is almost dead.
The shadow imp hits you.
You closely miss the shadow imp.
The shadow imp is almost dead.
An iguana comes into view.
The shadow imp misses you. The shadow imp hits you.
You barely miss the shadow imp.
The shadow imp is almost dead.
The shadow imp hits you.
You barely miss the shadow imp.
The shadow imp is almost dead.
The shadow imp hits you.
* * * LOW HITPOINT WARNING * * *
You barely miss the shadow imp.
The shadow imp is almost dead.
The shadow imp hits you but does no damage.
You hit the shadow imp.
You kill the shadow imp!
Your Axes skill increases to level 3!
There is a stone staircase leading up here.
The iguana bites you but does no damage.
You climb upwards.
Found a scroll labelled IVIAHA VOCSENESIF.
There is a stone staircase leading down here.
You hit the iguana.
The iguana is lightly wounded.
The iguana closely misses you. You furiously retaliate!
You headbutt the iguana. The iguana bites you!
Ouch! That really hurt!
You die...

. #.# ..#
..###
###.....?
#@.....#
#.l...###
........#
.......##.#
........##
.#
.......## #
#......
.......


You could see an iguana.

Vanquished Creatures
  A shadow imp (D:5)
1 creature vanquished.

Notes
Turn   | Place    | Note
-------+----------+-------------------------------------------
     0 | D:5      | ragingrage the Minotaur Delver began the quest for the Orb.
     0 | D:5      | Reached XP level 1. HP: 19/19 MP: 0/0
    39 | D:6      | Noticed an orc wizard
    39 | D:6      | Noticed an orc priest
    39 | D:6      | Noticed an orc priest
    65 | D:5      | Noticed an iguana
    73 | D:4      | Mangled by an iguana

Illustrated notes

Levels and vault maps discovered:
D:4:      layout_layer_cave, trog_butcher_becter, lemuel_tele_altar,
          item_on_display_a
D:5:      layout_loops_ring, amcnicky_altar_gilded, serial_shops, shop,
          minmay_ogre_servants
D:6:      layout_rooms, xom_confusion_cloud, lightli_temple_of_fire,
          minmay_hedge_maze

Skill      XL: |  1 |
---------------+----+-----
Axes           | 3 |  3.3
Fighting       | |  3.6
Dodging        | |  2.1
Stealth        | |  4.1

Action                   || total
-------------------------++-------
Melee: Hand axe          ||     8
       Headbutt          ||     1
Armor: Leather armour    ||     2
Dodge: Dodged            ||     3

Table legend: (Time is in decaauts)
 A = Elapsed time spent in this place.
 B = Non-inter-level travel time spent in this place.
 C = Inter-level travel time spent in this place.
 D = Time resting spent in this place.
 E = Time spent auto-exploring this place.
 F = Levels seen in this place.
 G = Mean time per level.
                   A        B        C        D        E       F      G
               +--------+--------+--------+--------+--------+-----+--------+
         Total |     74 |     40 |     34 |      0 |     22 |   3 |   24.7 |
       Dungeon |     74 |     40 |     34 |      0 |     22 |   3 |   24.7 |
               +--------+--------+--------+--------+--------+-----+--------+

Top non-repeatable levels by time:
     D:5: 71 daAuts
     D:6: 1 daAuts
     D:4: 0 daAuts
